[Event "Titled Tuesday Blitz December 13 Early 2022"]
[White "Gabdrakhmanov, Azat"]
[Black "Andreikin, Dmitry"]
[WhiteFideId "34189197"]
[BlackFideId "4158814"]
[WhiteElo "2254"]
[BlackElo "2735"]
[Result "0-1"]
[Round "02"]
[TimeControl "180+1"]
[Date "2022.12.13"]
[WhiteClock "0:00:58"]
[BlackClock "0:02:04"]

1. e4 c5 2. Nf3 e6 3. d4 cxd4 4. Nxd4 Nc6 5. Nc3 a6 6. Be3 Nf6 7. f3 d5 8. Nxc6 bxc6 9. Qd2 Rb8 10. Rb1 e5 11. exd5 cxd5 12. Bg5 d4 13. Ne4 Nxe4 14. fxe4 f6 15. Bh4 Bb4 16. c3 Bxc3 0-1


[Site "https://www.chess.com"]

[Event "Titled Tuesday Blitz December 13 Early 2022"]
[White "Galchenko, Matvey"]
[Black "Terzi, Alexei"]
[WhiteFideId "24175480"]
[BlackFideId "13505076"]
[WhiteElo "2872"]
[BlackElo "2575"]
[Result "1/2-1/2"]
[Round "02"]
[TimeControl "180+1"]
[Date "2022.12.14"]
[WhiteClock "0:00:54"]
[BlackClock "0:00:10"]

1. f4 d5 2. Nf3 c5 3. g3 Nc6 4. Bg2 g6 5. O-O Bg7 6. d3 e6 7. Nc3 Nge7 8. e4 O-O 9. h3 b6 10. g4 dxe4 11. dxe4 Ba6 12. Re1 Qxd1 13. Rxd1 Bxc3 14. bxc3 Rad8 15. Be3 Rxd1+ 16. Rxd1 Rd8 17. Rxd8+ Nxd8 18. Kf2 Bc4 19. a3 Ndc6 20. Nd2 Ba6 21. Nb3 f6 22. h4 Kf7 23. Bf3 e5 24. f5 Nd8 25. Ke1 Nb7 26. a4 Nd6 27. Bc1 Bb7 28. Nd2 Bc6 29. a5 Nb5 30. axb6 axb6 31. Bb2 Nd6 32. Kf2 Nec8 33. Ke3 Na7 34. Be2 Bb5 35. c4 Ba4 36. Bd3 Nc6 37. Nf3 Nd4 38. Ne1 Bd7 39. Nf3 gxf5 40. gxf5 Nxf3 41. Kxf3 Bc6 42. Ke3 Bb7 43. Bc3 Ba6 44. Be2 Bxc4 45. Bh5+ Ke7 46. Bd2 Bb5 47. Bf3 Ba4 48. Kd3 Bb5+ 49. Kc3 Bc6 50. Kd3 Nxf5 51. exf5 Bxf3 52. Ke3 Bd1 53. Kd3 b5 54. Be3 Kd6 55. c4 b4 56. Bd2 b3 57. Kc3 Bc2 58. Bh6 Bxf5 59. Kxb3 Be6 60. Bf8+ Kc6 61. Bg7 f5 62. Bxe5 Kb6 63. Kc3 Bf7 64. Bf4 Kc6 65. Kd3 Kd7 66. Bh6 Kc6 67. Bf4 Be6 68. Kc3 Bg8 69. Kd3 Be6 70. Kc3 Kd7 71. Kd3 Kc6 1/2-1/2


[Site "https://www.chess.com"]

[Event "Titled Tuesday Blitz December 13 Early 2022"]
[White "Gareyev, Timur"]
[Black "Kuzmin, Roman"]
[WhiteFideId "14200937"]
[BlackFideId "44134932"]
[WhiteElo "2553"]
[BlackElo "2180"]
[Result "1-0"]
[Round "02"]
[TimeControl "180+1"]
[Date "2022.12.14"]
[WhiteClock "0:00:10"]
[BlackClock "0:00:00"]

1. d4 Nf6 2. c4 e6 3. Nc3 d5 4. Bf4 c6 5. e3 Nbd7 6. Nf3 Be7 7. g4 dxc4 8. Bxc4 b5 9. Bd3 a6 10. g5 Nd5 11. Nxd5 cxd5 12. Rc1 Qa5+ 13. Kf1 Bd8 14. Ne5 Nxe5 15. Bxe5 Bxg5 16. Bxg7 Rg8 17. Be5 Qxa2 18. Bxh7 Rf8 19. Rg1 Be7 20. Bg7 Qxb2 21. Rc7 Bd6 22. Rc6 Kd7 23. Rxd6+ Kxd6 24. Bxf8+ Kc7 25. Rg7 Bd7 26. Rxf7 a5 27. Qg4 Qc1+ 28. Kg2 Qc6 29. Qf4+ Kb7 30. Qf6 a4 31. Qe7 a3 32. Qxd7+ Qxd7 33. Rxd7+ Kc8 34. Bxa3 Kxd7 35. Bc5 Rb8 36. Bc2 b4 37. Bb3 Kc6 38. Ba4+ Kc7 39. Bb3 Kc6 40. h4 Kb5 41. Kg3 Ra8 42. h5 Ra3 43. Bc2 Ra1 44. h6 Rg1+ 45. Kh2 Rg8 46. h7 Rh8 47. Bd3+ Ka4 48. Kg3 b3 49. Kf4 b2 50. Kg5 Kb3 51. Kh6 1-0


[Site "https://www.chess.com"]

[Event "Titled Tuesday Blitz December 13 Early 2022"]
[White "Garv Gaur"]
[Black "Putri, Regita Desyari"]
[WhiteFideId "45030839"]
[BlackFideId "7109083"]
[WhiteElo "2056"]
[BlackElo "1930"]
[Result "1-0"]
[Round "02"]
[TimeControl "180+1"]
[Date "2022.12.14"]
[WhiteClock "0:00:34"]
[BlackClock "0:00:03"]

1. d4 Nf6 2. Nf3 e6 3. c4 b6 4. g3 Ba6 5. b3 Bb4+ 6. Bd2 Be7 7. Nc3 d5 8. cxd5 exd5 9. Bg2 O-O 10. O-O c5 11. Bf4 Nbd7 12. Ne5 Bb7 13. dxc5 Nxc5 14. Nb5 Ne6 15. Nd4 Nxf4 16. gxf4 Rc8 17. Rc1 Ba3 18. Rxc8 Qxc8 19. Qd2 a5 20. e3 Ne4 21. Qc2 f6 22. Qxc8 Rxc8 23. Nd7 Bc5 24. Nxc5 bxc5 25. Nf5 Rd8 26. Rc1 g6 27. Ng3 Nxg3 28. hxg3 Rc8 29. Kf1 Kf7 30. Ke2 Ke6 31. Kd2 f5 32. g4 fxg4 33. f3 h5 34. fxg4 hxg4 35. Rh1 Rd8 36. Rh6 Kf5 37. Rh7 Bc6 38. Bf1 Rd7 39. Bd3+ Kf6 40. Rh6 Rg7 41. f5 Be8 42. Ke2 Kg5 43. Rh8 Bc6 44. fxg6 d4 45. exd4 cxd4 46. Kf2 Bf3 47. Rc8 Kh4 48. Rh8+ Kg5 49. Kg3 Bd5 50. Rd8 Be6 51. Rxd4 Rc7 52. Rd6 Bg8 53. Rd8 Be6 54. Re8 1-0


[Site "https://www.chess.com"]

[Event "Titled Tuesday Blitz December 13 Early 2022"]
[White "Goldin, Roman"]
[Black "Oganian, Miran"]
[WhiteFideId "2803860"]
[BlackFideId "4122488"]
[WhiteElo "2312"]
[BlackElo "2323"]
[Result "0-1"]
[Round "02"]
[TimeControl "180+1"]
[Date "2022.12.14"]
[WhiteClock "0:00:05"]
[BlackClock "0:00:35"]

1. e4 e6 2. d4 d5 3. Nd2 Nc6 4. Ngf3 Nf6 5. e5 Nd7 6. Be2 Be7 7. Nf1 f6 8. exf6 Bxf6 9. Ne3 O-O 10. O-O Nb6 11. Ng4 h6 12. Bb5 Bd7 13. Bxc6 Bxc6 14. Nge5 Be8 15. Re1 Bh5 16. Qd3 Nd7 17. Nxd7 Qxd7 18. Ne5 Bxe5 19. Rxe5 Qf7 20. Qg3 Bg6 21. h3 Kh7 22. c3 Rac8 23. Be3 b6 24. Re1 c5 25. Bd2 cxd4 26. Rxe6 d3 27. f3 Rce8 28. Qe5 Qd7 29. h4 Qa4 30. Qxd5 Rxe6 31. Qxe6 Qxh4 32. Qd6 Rf7 33. Re5 Qa4 34. Kh2 Qc2 35. Re6 Bf5 36. Bf4 Bxe6 0-1


[Site "https://www.chess.com"]

[Event "Titled Tuesday Blitz December 13 Early 2022"]
[White "Gonzalez, Francisco Silva"]
[Black "Sadubayev, Airat"]
[WhiteFideId "1512285"]
[BlackFideId "13713264"]
[WhiteElo "2220"]
[BlackElo "2160"]
[Result "0-1"]
[Round "02"]
[TimeControl "180+1"]
[Date "2022.12.14"]
[WhiteClock "0:01:29"]
[BlackClock "0:01:07"]

1. d4 d5 2. c4 c6 3. Nc3 Nf6 4. e3 e6 5. Nf3 Nbd7 6. Bd3 dxc4 7. Bxc4 b5 8. Be2 Bb7 9. O-O a6 10. e4 b4 11. e5 bxc3 12. exf6 cxb2 13. fxg7 Bxg7 14. Bxb2 O-O 15. Rb1 c5 16. dxc5 Bxb2 17. Rxb2 Nxc5 18. Qc1 Rc8 19. Rc2 Ne4 20. Rd1 Qf6 21. Rc7 Nc3 22. Rxc3 Qxc3 23. Qg5+ Qg7 24. Qa5 Qf6 25. Qb6 Bxf3 26. Bxf3 Rfd8 27. Rf1 Rc2 28. Qxa6 Rdc8 29. Bb7 R8c7 30. g3 Rc1 31. Bf3 Rxf1+ 32. Kg2 Rfc1 33. Qa8+ Kg7 34. a4 R7c3 35. a5 Qxf3+ 36. Kh3 Qxa8 37. f3 Qxf3 38. a6 Rc5 0-1


[Site "https://www.chess.com"]

[Event "Titled Tuesday Blitz December 13 Early 2022"]
[White "Grandelius, Nils"]
[Black "Ashraf, Artin"]
[WhiteFideId "1710400"]
[BlackFideId "22514805"]
[WhiteElo "2617"]
[BlackElo "2243"]
[Result "0-1"]
[Round "02"]
[TimeControl "180+1"]
[Date "2022.12.13"]
[WhiteClock "0:00:50"]
[BlackClock "0:00:47"]

1. Nf3 d5 2. c4 e6 3. e3 Nf6 4. b3 c5 5. Bb2 Nc6 6. cxd5 exd5 7. Bb5 Bd6 8. O-O O-O 9. d4 cxd4 10. Nxd4 Ne5 11. Be2 a6 12. Nc3 Re8 13. Rc1 Bg4 14. h3 Bd7 15. Nf3 Bc6 16. Nd4 Bd7 17. Bf3 Nxf3+ 18. Qxf3 Ne4 19. Rfd1 Qg5 20. Nde2 Bc6 21. Nxe4 Rxe4 22. Rd4 Rae8 23. Rcd1 Be5 24. R4d2 d4 25. exd4 Rxe2 26. Qg3 0-1


[Site "https://www.chess.com"]

[Event "Titled Tuesday Blitz December 13 Early 2022"]
[White "Haddouche, Mohamed"]
[Black "Thorhallsson, Simon"]
[WhiteFideId "7900660"]
[BlackFideId "2310090"]
[WhiteElo "2443"]
[BlackElo "2108"]
[Result "1-0"]
[Round "02"]
[TimeControl "180+1"]
[Date "2022.12.14"]
[WhiteClock "0:01:02"]
[BlackClock "0:02:37"]

1. e4 c5 2. Nf3 e6 3. Nc3 a6 4. g3 b5 5. Bg2 Bb7 6. d4 cxd4 7. Nxd4 Nf6 8. O-O b4 9. Na4 Bxe4 10. Bxe4 Nxe4 11. Re1 d5 12. c4 Nc5 13. Nxc5 Bxc5 14. Nb3 Be7 15. cxd5 Qxd5 16. Qxd5 exd5 17. Bf4 Nc6 18. Rac1 Rc8 19. Nd4 1-0


[Site "https://www.chess.com"]

[Event "Titled Tuesday Blitz December 13 Early 2022"]
[White "Hamley, Ryan"]
[Black "Lenderman, Aleksandr"]
[WhiteFideId "30959497"]
[BlackFideId "2021285"]
[WhiteElo "2606"]
[BlackElo "2607"]
[Result "0-1"]
[Round "02"]
[TimeControl "180+1"]
[Date "2022.12.13"]
[WhiteClock "0:00:03"]
[BlackClock "0:00:12"]

1. d4 e6 2. Nf3 b6 3. Bf4 Bb7 4. e3 Nf6 5. Bd3 Be7 6. Nbd2 Nh5 7. O-O Nxf4 8. exf4 O-O 9. Re1 c5 10. c3 cxd4 11. Nxd4 Bf6 12. Ne4 Bxd4 13. cxd4 Nc6 14. d5 Nb4 15. dxe6 dxe6 16. Nd6 Bd5 17. Nc4 Rc8 18. Ne3 Bxa2 19. Ba6 Qxd1 20. Rexd1 Rc7 21. Rd4 Nxa6 22. Rxa2 Nb4 23. Rxb4 Rc1+ 24. Nf1 Rd8 25. g3 Rdd1 26. Rxa7 Rxf1+ 27. Kg2 Rg1+ 28. Kf3 Rc8 29. Rxb6 g6 30. Rab7 Rc5 31. h4 h5 32. Rd6 Rb1 33. Rd8+ Kg7 34. Rdd7 Rf5 35. b4 Rb2 36. Ke3 e5 37. fxe5 Rfxf2 38. e6 Rbe2+ 39. Kd4 Rxe6 40. b5 Rff6 41. Rbc7 Re1 42. Rc3 Rb1 43. Rd5 Rb6 44. Kc4 Rb7 45. Re3 Rc7+ 46. Kd4 Rb4+ 47. Kd3 Rb7 48. Ree5 Rb3+ 49. Ke4 Rxg3 50. Rc5 Rg4+ 51. Kd5 Rxh4 52. Kc6 Rb8 53. Kc7 Rf8 54. b6 Rb4 55. b7 h4 56. Rb5 Rc4+ 57. Rec5 Rxc5+ 58. Rxc5 f5 59. Rd5 h3 60. Rd3 h2 61. Rh3 f4 62. Rxh2 g5 63. Rg2 Kg6 64. Rd2 f3 65. Rd8 Rxd8 66. Kxd8 f2 67. b8=Q f1=Q 68. Qd6+ Qf6+ 0-1


[Site "https://www.chess.com"]

[Event "Titled Tuesday Blitz December 13 Early 2022"]
[White "Harshavardhan G B"]
[Black "Farmani Anosheh, Armin"]
[WhiteFideId "25059009"]
[BlackFideId "24613240"]
[WhiteElo "2323"]
[BlackElo "2289"]
[Result "1-0"]
[Round "02"]
[TimeControl "180+1"]
[Date "2022.12.14"]
[WhiteClock "0:00:19"]
[BlackClock "0:00:13"]

1. d4 Nf6 2. c4 e6 3. Nf3 Bb4+ 4. Nbd2 b6 5. g3 Bb7 6. Bg2 O-O 7. O-O d5 8. Ne5 Nbd7 9. a3 Bd6 10. Ndf3 c5 11. Bf4 Qc7 12. Rc1 Rac8 13. b4 Rfd8 14. bxc5 bxc5 15. Nxd7 Qxd7 16. Bg5 Qe7 17. cxd5 Bxd5 18. Re1 cxd4 19. Rxc8 Rxc8 20. Qxd4 h6 21. Bxf6 Qxf6 22. Qxa7 Bc5 23. Qa6 Ra8 24. Qb5 Qc3 25. Rd1 Rxa3 26. h4 g6 27. h5 g5 28. Qb8+ Kh7 29. e4 1-0


[Site "https://www.chess.com"]

[Event "Titled Tuesday Blitz December 13 Early 2022"]
[White "Hirneise, Jens"]
[Black "Kuchava, Ana"]
[WhiteFideId "24614734"]
[BlackFideId "13605348"]
[WhiteElo "2345"]
[BlackElo "2001"]
[Result "1-0"]
[Round "02"]
[TimeControl "180+1"]
[Date "2022.12.14"]
[WhiteClock "0:00:13"]
[BlackClock "0:00:01"]

1. c4 e6 2. Nc3 d5 3. d4 Be7 4. Nf3 Nf6 5. cxd5 exd5 6. Bg5 c6 7. e3 Bf5 8. Bd3 Bxd3 9. Qxd3 O-O 10. O-O h6 11. Bxf6 Bxf6 12. b4 a6 13. a4 Nd7 14. b5 axb5 15. axb5 Nb6 16. bxc6 bxc6 17. Rfb1 Nc4 18. Nd2 Nxd2 19. Qxd2 Qc7 20. Na4 Be7 21. g3 Rfb8 22. Nc3 Bd6 23. Rxa8 Rxa8 24. Qb2 Rb8 25. Qa2 Rxb1+ 26. Qxb1 Qb8 27. Qc2 g6 28. Kg2 Kg7 29. h4 h5 30. Ne2 Qb5 31. Nc1 Bb4 32. Nd3 Bd6 33. Nb2 Ba3 34. Na4 Bd6 35. Nb2 Ba3 36. Nd1 Bd6 37. Qa2 Be7 38. Nc3 Qb6 39. Qc2 Bd6 40. Ne2 Qb5 41. Nc1 Ba3 42. Nb3 Bd6 43. Nd2 Ba3 44. e4 dxe4 45. Nxe4 Qd5 46. f3 Be7 47. Qc3 Bf6 48. Nxf6 Kxf6 49. Kf2 Kg7 50. Ke3 Qe6+ 51. Kf2 Qa2+ 52. Kg1 Qd5 53. Kg2 Kf6 54. Qe3 Kg7 55. Qf4 Qa2+ 56. Kh3 Qe6+ 57. g4 hxg4+ 58. fxg4 Qb3+ 59. Kg2 Qc2+ 60. Kf1 Qd1+ 61. Kf2 Qc2+ 62. Kg3 Qd3+ 63. Kg2 Qc2+ 64. Qf2 Qe4+ 65. Kh2 Qxg4 66. Qb2 Kh7 67. Qf2 Qe4 68. Qxf7+ Kh6 69. Qf6 Kh7 70. Kg3 Kh6 71. Qg5+ Kh7 72. Qc5 Qe3+ 73. Kg4 Qe4+ 74. Kg5 Qg2+ 75. Kf6 Qf3+ 76. Ke7 Qe4+ 77. Kd7 Qxh4 78. Kxc6 Qg4 79. Qe7+ Kh6 80. d5 Qd1 81. Qf8+ Kg5 82. d6 Qc2+ 83. Kd7 Qa4+ 84. Ke7 Qe4+ 85. Kd8 Qa8+ 86. Ke7 Qb7+ 87. d7 Qb4+ 88. Ke8 Qb5 89. Qe7+ Kf5 90. Kf8 1-0


[Site "https://www.chess.com"]

[Event "Titled Tuesday Blitz December 13 Early 2022"]
[White "Ibarra Jerez, Jose Carlos"]
[Black "Mendez Fortes, Eduardo Jesus"]
[WhiteFideId "2226332"]
[BlackFideId "3502376"]
[WhiteElo "2638"]
[BlackElo "2307"]
[Result "1-0"]
[Round "02"]
[TimeControl "180+1"]
[Date "2022.12.13"]
[WhiteClock "0:00:07"]
[BlackClock "0:00:08"]

1. e4 e5 2. Nf3 Nc6 3. Bb5 Nf6 4. O-O Nxe4 5. d4 Nd6 6. dxe5 Nxb5 7. a4 Nbd4 8. Nxd4 d5 9. Nxc6 bxc6 10. Nd2 Qd7 11. Nb3 c5 12. f4 c4 13. Nd4 c5 14. Nb5 Bb7 15. f5 Qc6 16. e6 f6 17. Qh5+ Kd8 18. Bf4 a6 19. Nc7 d4 20. Rf3 Rc8 21. e7+ Bxe7 22. Ne6+ Kd7 23. Re1 Rce8 24. Qf7 Qd5 25. b3 c3 26. b4 Kc8 27. bxc5 Rhf8 28. Qh5 Bxc5 29. Rd1 d3+ 30. Kh1 Rxe6 31. Qh4 Re4 32. Qg3 Rfe8 33. Rfxd3 Qxf5 34. Rxc3 g5 35. Bd6 Bc6 36. Rxc5 Kb7 37. Rxf5 Re2 38. Rg1 R8e3 39. Qg4 Bd7 40. Qc4 Bc6 41. Qb4+ Kc8 42. Qg4 Kd7 43. Rf2+ Kd8 44. Rxe2 Bd7 45. Rxe3 Bxg4 46. Be7+ Kd7 47. Bxf6 h6 48. Bg7 h5 49. Bh6 h4 50. Bxg5 h3 51. gxh3 Bf5 52. Rd1+ Kc6 53. Rc3+ Kb6 54. Bd8+ Kb7 55. Rb1+ Ka8 56. Bb6 Kb7 57. Kg1 a5 58. Rc7+ Kb8 59. Re1 Bc8 60. Re8 Ka8 61. Rexc8# 1-0


[Site "https://www.chess.com"]

[Event "Titled Tuesday Blitz December 13 Early 2022"]
[White "Ingebretsen, Jens E"]
[Black "Kopylov, Alexander A."]
[WhiteFideId "1522965"]
[BlackFideId "4164857"]
[WhiteElo "2213"]
[BlackElo "2436"]
[Result "1/2-1/2"]
[Round "02"]
[TimeControl "180+1"]
[Date "2022.12.14"]
[WhiteClock "0:00:06"]
[BlackClock "0:01:13"]

1. c4 Nf6 2. Nf3 e6 3. Nc3 d5 4. e3 Be7 5. b3 O-O 6. Bb2 b6 7. Be2 Bb7 8. O-O c5 9. d4 cxd4 10. Nxd4 Nc6 11. Rc1 dxc4 12. Nxc6 Bxc6 13. Bxc4 Qxd1 14. Rfxd1 Rfd8 15. Ne2 Rxd1+ 16. Rxd1 Rd8 17. Rxd8+ Bxd8 18. Nd4 Be4 19. Nb5 a5 20. Nd6 Bb1 21. a4 Kf8 22. Bd4 Nd7 23. Bb5 Nc5 24. Bxc5 bxc5 25. Bc4 Ke7 26. Nb5 Kd7 27. Kf1 Be4 28. f3 Bc6 29. Ke2 f5 30. Nc3 g5 31. Kd3 h5 32. Bb5 Bc7 33. h3 Be5 34. Bxc6+ Kxc6 35. Nb5 Bb8 36. Kc4 Be5 37. Na7+ Kb7 38. Nb5 Kc6 39. Na3 Kb6 40. Nc2 Kc6 41. Ne1 Bd6 42. Nd3 Kb6 43. g4 h4 44. e4 fxe4 45. fxe4 Kc6 46. e5 Bf8 47. Nf2 Bg7 48. Ne4 Bxe5 49. Nxg5 Bb8 50. Nxe6 Bd6 51. g5 Kd7 52. Nxc5+ Ke7 53. Ne4 Bc7 54. Kd5 Kf7 55. Kc6 Bf4 56. Kd7 Kg6 57. Ke6 Be3 58. Ke5 Bc1 59. Kd4 Kf5 60. Nc5 Kxg5 61. Ke4 Bd2 62. Nd3 Bc3 63. Ne5 Kf6 64. Nf3 Kg6 65. Nxh4+ Kg5 66. Nf3+ Kh5 67. Kf4 Bb4 68. Kg3 Kg6 69. Kg4 Kf6 70. h4 Ke6 71. h5 Kd5 72. h6 Ke4 73. h7 Bc3 74. Ng5+ Kd3 75. Kf5 Kc2 76. Nf7 Bg7 77. Kg6 Bc3 78. Nh6 Kxb3 79. Ng4 Bh8 80. Kf7 Kxa4 81. Kg8 Bd4 82. Nh6 Kb3 83. Nf5 Bc3 84. Ng7 a4 85. h8=Q a3 86. Qh1 a2 87. Qb7+ Kc2 88. Qe4+ Kb2 89. Qe2+ Kb1 90. Qd3+ Kb2 91. Qb5+ Kc2 92. Qa4+ Kb2 93. Qb5+ Kc2 94. Qa4+ Kb2 95. Qd1 a1=Q 96. Qxa1+ Kxa1 1/2-1/2


[Site "https://www.chess.com"]

[Event "Titled Tuesday Blitz December 13 Early 2022"]
[White "Itkis, Boris"]
[Black "Szpar, Milosz"]
[WhiteFideId "1209167"]
[BlackFideId "1184989"]
[WhiteElo "2216"]
[BlackElo "2455"]
[Result "0-1"]
[Round "02"]
[TimeControl "180+1"]
[Date "2022.12.14"]
[WhiteClock "0:00:04"]
[BlackClock "0:00:40"]

1. c4 e5 2. Nf3 Nc6 3. Nc3 Nf6 4. e4 Bb4 5. d3 d6 6. a3 Bc5 7. b4 Bb6 8. Na4 Bg4 9. Nxb6 axb6 10. Be2 Bxf3 11. Bxf3 Nd7 12. O-O Nf8 13. Bg4 Nd4 14. f4 exf4 15. Bxf4 Nfe6 16. Bxe6 Nxe6 17. Be3 O-O 18. Qg4 c5 19. h4 b5 20. cxb5 cxb4 21. axb4 Rxa1 22. Rxa1 Qf6 23. Rf1 Qc3 24. h5 Qxd3 25. Rf3 Qxb5 26. h6 g6 27. Bd2 Rc8 28. Bc3 Qe2 29. Qg3 Qxe4 30. Qxd6 Rxc3 0-1


[Site "https://www.chess.com"]

[Event "Titled Tuesday Blitz December 13 Early 2022"]
[White "Jakubowska, Anna"]
[Black "Aldokhin, Ivan"]
[WhiteFideId "1121952"]
[BlackFideId "24115720"]
[WhiteElo "2001"]
[BlackElo "2313"]
[Result "0-1"]
[Round "02"]
[TimeControl "180+1"]
[Date "2022.12.14"]
[WhiteClock "0:00:56"]
[BlackClock "0:00:10"]

1. e4 c5 2. Nf3 e6 3. d4 cxd4 4. Nxd4 a6 5. Bd3 Qc7 6. O-O Nf6 7. Nc3 d6 8. Qe2 b5 9. a3 Bb7 10. Bd2 Be7 11. Kh1 Nbd7 12. Rae1 h5 13. Bg5 h4 14. h3 Ne5 15. f4 Nxd3 16. cxd3 Nh5 17. Qg4 Ng3+ 18. Kh2 Nxf1+ 19. Rxf1 O-O-O 20. Rc1 Kb8 21. f5 Bxg5 22. Qxg5 d5+ 23. Kh1 dxe4 24. Ncxb5 Qg3 25. Qe7 Rc8 26. Nc6+ Rxc6 27. Rxc6 Bxc6 28. Qa7+ Kc8 29. Qxa6+ Bb7 30. Nd6+ Kc7 31. Nb5+ Kb8 32. Qb6 exd3 33. Qxb7+ Kxb7 0-1


[Site "https://www.chess.com"]

[Event "Titled Tuesday Blitz December 13 Early 2022"]
[White "Janaszak, Dawid"]
[Black "Makhnev, Denis"]
[WhiteFideId "1119206"]
[BlackFideId "13707647"]
[WhiteElo "2220"]
[BlackElo "2507"]
[Result "0-1"]
[Round "02"]
[TimeControl "180+1"]
[Date "2022.12.14"]
[WhiteClock "0:00:04"]
[BlackClock "0:01:22"]

1. e4 e5 2. Nf3 Nc6 3. d4 exd4 4. Nxd4 Bc5 5. Nb3 Bb6 6. Nc3 Nf6 7. Qe2 a5 8. Be3 a4 9. Bxb6 cxb6 10. Nd2 a3 11. b3 O-O 12. O-O-O Re8 13. Nc4 d5 14. Nxd5 Nxe4 15. Ncxb6 Nb4 16. c3 Nxd5 17. Nxd5 Bf5 18. Qf3 Qg5+ 19. Ne3 Nxf2 20. Qxf2 Rxe3 21. Rd2 Rxc3+ 22. Kd1 Rac8 23. Bc4 Bg4+ 24. Ke1 Rc1+ 0-1


[Site "https://www.chess.com"]

[Event "Titled Tuesday Blitz December 13 Early 2022"]
[White "Javakhishvili, Lela"]
[Black "Hrabinska, Myroslava"]
[WhiteFideId "13601458"]
[BlackFideId "14109190"]
[WhiteElo "2364"]
[BlackElo "2171"]
[Result "1-0"]
[Round "02"]
[TimeControl "180+1"]
[Date "2022.12.14"]
[WhiteClock "0:00:32"]
[BlackClock "0:00:05"]

1. Nf3 d5 2. g3 Nf6 3. Bg2 Bf5 4. O-O c6 5. c4 e6 6. b3 Be7 7. Bb2 O-O 8. d3 Na6 9. Nc3 Nc5 10. Ne5 a5 11. Rc1 h6 12. h3 Bh7 13. Rc2 Nfd7 14. Nxd7 Qxd7 15. Qa1 Bf6 16. cxd5 exd5 17. Nxd5 Bxb2 18. Qxb2 Nxd3 19. Nf6+ gxf6 20. exd3 Qd6 21. Rc4 Rfe8 22. Rg4+ Kh8 23. Rh4 Kg7 24. Qd2 f5 25. Qc3+ Qe5 26. Qd2 Qd6 27. Bf3 Rad8 28. d4 Re6 29. Rf4 Rg6 30. Kh2 Re6 31. Rd1 Rg6 32. d5 c5 33. Qxa5 b6 34. Qc3+ Qf6 35. Qxf6+ Rxf6 36. b4 cxb4 37. Rb1 Ra8 38. Rb2 Rd6 39. Rfxb4 Ra3 40. Kg2 f4 41. Rxf4 Bg6 42. Rfb4 Ra6 43. a4 Rd8 44. Rd2 Rd6 45. Be2 Ra5 46. Bb5 Be4+ 47. Rxe4 1-0


[Site "https://www.chess.com"]

[Event "Titled Tuesday Blitz December 13 Early 2022"]
[White "Jiganchine, Roman"]
[Black "Salman, Pavel"]
[WhiteFideId "2603667"]
[BlackFideId "24153753"]
[WhiteElo "2328"]
[BlackElo "2187"]
[Result "1/2-1/2"]
[Round "02"]
[TimeControl "180+1"]
[Date "2022.12.14"]
[WhiteClock "0:00:09"]
[BlackClock "0:00:09"]

1. e4 d6 2. d4 Nf6 3. Nc3 g6 4. Nf3 Bg7 5. Be3 c6 6. Qd2 b5 7. Bd3 O-O 8. Bh6 Bg4 9. O-O-O b4 10. Ne2 Qa5 11. Kb1 c5 12. e5 Nd5 13. Bxg7 Kxg7 14. h4 h5 15. Be4 Be6 16. dxc5 Nc3+ 17. Nxc3 bxc3 18. Qxc3 Qxa2+ 19. Kc1 d5 20. Bd3 Nc6 21. Nd4 Nxd4 22. Qxd4 Rab8 23. Kd2 Qa5+ 24. Qc3 Qxc3+ 25. bxc3 Rfc8 26. Ra1 Rxc5 27. Rxa7 Kf8 28. Rha1 Rbc8 29. R1a3 R8c7 30. Rxc7 Rxc7 31. Ke3 Kg7 32. Kd4 f6 33. f4 Rb7 34. Ra1 Rb2 35. Re1 Ra2 36. g3 Ra4+ 37. Ke3 fxe5 38. fxe5 Rg4 39. Kf2 d4 40. cxd4 Rxd4 41. Re4 Rd8 42. Re1 Bf5 43. Re3 Rc8 44. Bxf5 gxf5 45. c3 Kf7 46. e6+ Kf6 47. Kf3 Rc4 48. Kf2 Ra4 49. Kf3 Rc4 50. Kf2 Rg4 51. Kf3 Ra4 52. Kf2 Ra2+ 53. Kf3 Ra1 54. Re2 Rc1 55. Re3 Rf1+ 56. Kg2 Rc1 57. Kf2 Ra1 58. Kg2 Ra4 59. Kf3 Rg4 60. Kf2 Kg7 61. Kf3 Rc4 62. Kf2 Kg6 63. Kf3 Kf6 1/2-1/2


[Site "https://www.chess.com"]

[Event "Titled Tuesday Blitz December 13 Early 2022"]
[White "Jimenez Almeida, Luis David"]
[Black "Roebers, Jan"]
[WhiteFideId "22242244"]
[BlackFideId "1007815"]
[WhiteElo "2158"]
[BlackElo "2127"]
[Result "1-0"]
[Round "02"]
[TimeControl "180+1"]
[Date "2022.12.14"]
[WhiteClock "0:00:53"]
[BlackClock "0:01:07"]

1. e4 e5 2. Nf3 Nc6 3. Bb5 a6 4. Ba4 Nf6 5. O-O Be7 6. Re1 b5 7. Bb3 O-O 8. d3 d5 9. exd5 Nxd5 10. Nc3 Nxc3 11. bxc3 Bd6 12. h3 Kh8 13. Bd5 Bd7 14. a4 Rb8 15. axb5 axb5 16. Qe2 Ne7 17. Bb3 Ng6 18. Ng5 Qe7 19. Qh5 h6 20. Nxf7+ Rxf7 21. Qxg6 Rf6 22. Qh5 Rf5 23. Qe2 Qf6 24. Bd5 Rf8 25. Be3 e4 26. Bxe4 Qe5 27. g3 R5f7 28. Bd4 Qg5 29. h4 Qd8 30. Ra8 Qe7 31. Rxf8+ Rxf8 32. Qh5 Qf7 33. Qxh6+ Kg8 34. Qh7# 1-0


[Site "https://www.chess.com"]

[Event "Titled Tuesday Blitz December 13 Early 2022"]
[White "Jobava, Baadur"]
[Black "Shuvalova, Polina"]
[WhiteFideId "13601520"]
[BlackFideId "24171760"]
[WhiteElo "2582"]
[BlackElo "2361"]
[Result "1-0"]
[Round "02"]
[TimeControl "180+1"]
[Date "2022.12.13"]
[WhiteClock "0:00:15"]
[BlackClock "0:00:13"]

1. e4 e5 2. Nf3 Nc6 3. c3 d5 4. d3 dxe4 5. dxe4 Qxd1+ 6. Kxd1 a6 7. Be3 Nf6 8. Nbd2 Bg4 9. Kc2 Be6 10. Ng5 Ng4 11. Nxe6 Nxe3+ 12. fxe3 fxe6 13. b4 a5 14. b5 Nd8 15. Bc4 Bc5 16. Nf3 Ke7 17. Nxe5 Nf7 18. Nd3 Bxe3 19. Rae1 Bb6 20. e5 Raf8 21. Re4 h5 22. Nf4 Rh6 23. Nd3 Ng5 24. Re2 h4 25. h3 Rh5 26. Rd1 Nf7 27. Nf4 Rh6 28. Rf1 Nd8 29. Rd2 Be3 30. Rxd8 Rxd8 31. Nd3 Rf8 32. Re1 Bb6 33. Re4 Rf5 34. Rg4 g5 35. Kb3 Rh8 36. Re4 Rd8 37. a4 Rdf8 38. Rg4 Rd8 39. Re4 Rf1 40. Rg4 Rg8 41. Nc5 Rf4 42. Nxe6 Rxg4 43. hxg4 Rg6 44. Nd4 Bxd4 45. cxd4 c6 46. bxc6 bxc6 47. Bd3 Rg7 48. Kc4 Kd7 49. Bf5+ Kc7 50. Kc5 Rg8 51. Be4 Rh8 52. Bxc6 h3 53. gxh3 Rxh3 54. d5 Rc3+ 55. Kb5 Rg3 56. d6+ Kd8 57. e6 Rb3+ 58. Kxa5 Re3 59. e7+ Rxe7 60. dxe7+ Kxe7 61. Kb6 Kd6 62. a5 Ke5 63. Bd7 Kf4 64. a6 Ke5 65. a7 Kf4 66. a8=Q Kg3 67. Qd5 Kh4 68. Kc6 Kg3 69. Qxg5 Kh3 70. Qf4 Kh4 71. g5+ Kh5 72. Be8# 1-0


[Site "https://www.chess.com"]

[Event "Titled Tuesday Blitz December 13 Early 2022"]
[White "Johnson, Ben"]
[Black "Ronka, Erik"]
[WhiteFideId "2010917"]
[BlackFideId "505080"]
[WhiteElo "2200"]
[BlackElo "2264"]
[Result "0-1"]
[Round "02"]
[TimeControl "180+1"]
[Date "2022.12.14"]
[WhiteClock "0:00:01"]
[BlackClock "0:00:11"]

1. Nf3 Nf6 2. c4 g6 3. b3 Bg7 4. Bb2 O-O 5. g3 c5 6. Bg2 Nc6 7. O-O d5 8. cxd5 Nxd5 9. Bxg7 Kxg7 10. d4 cxd4 11. Nxd4 Nxd4 12. Qxd4+ Nf6 13. Qe5 Qb6 14. Nc3 Be6 15. Rac1 Rac8 16. Na4 Qb4 17. Nc5 Bg4 18. Rc4 Qb6 19. Bxb7 Rxc5 20. Rxc5 Qxb7 21. Rc7 Qb6 22. Rxe7 Kg8 23. Rc1 a5 24. h4 h5 25. Rcc7 a4 26. Rb7 Qa6 27. Ra7 Qc6 28. Rec7 Qb6 29. bxa4 Bh3 30. Rab7 Qa6 31. f3 Bf5 32. Qc5 Qxe2 33. Qf2 Qd1+ 34. Kg2 Qd6 35. a5 Nd5 0-1


[Site "https://www.chess.com"]